 Dungeon Crawl Stone Soup version 0.27-b1-42-g19c61b19a5 (webtiles) character file.

Game seed: 697193543588574943

172 Sin92 the Skirmisher (level 5, -3/41 HPs)
             Began as a Demonspawn Fighter on July 29, 2021.
             Splashed by a jelly's acid (8 damage)
             ... on level 4 of the Dungeon.
             The game lasted 00:01:55 (2679 turns).

Sin92 the Skirmisher (Demonspawn Fighter)           Turns: 2679, Time: 00:01:57

Health: -3/41      AC: -1    Str: 16    XL:     5   Next: 27%
Magic:  5/5        EV:  7    Int:  9    God:
Gold:   133        SH: 10    Dex: 14    Spells: 4/4 levels left

rFire    + . .     SeeInvis .   a - +0 trident
rCold    . . .     Faith    .   c - +1 kite shield
rNeg     . . .     Spirit   .   b - +0 scale mail
rPois    .         Reflect  .   (no helmet)
rElec    .         Harm     .   (no cloak)
rCorr    .         Rampage  .   (no gloves)
Will     +....                  (no boots)
Stlth    ..........             (no amulet)
HPRegen  0.13/turn              i - ring of protection from fire
MPRegen  0.09/turn              n - ring of willpower

@: corroded
A: hooves 1
a: no special abilities


You were on level 4 of the Dungeon.
You visited 1 branch of the dungeon, and saw 4 of its levels.

You collected 133 gold pieces.

Inventory:

Hand Weapons
 a - a +0 trident (weapon)
Armour
 b - a +0 scale mail (worn)
 c - a +1 kite shield (worn)
Jewellery
 h - a ring of fire
 i - a ring of protection from fire (left hand)
 n - a ring of willpower (right hand)
Scrolls
 j - a scroll of acquirement {unknown}
Potions
 d - a potion of might
 e - a potion of lignification {unknown}
 f - 2 potions of heal wounds
 g - a potion of berserk rage
 k - a potion of attraction
 l - a potion of brilliance {unknown}
 o - a potion of mutation {unknown}
 p - a potion of resistance {unknown}
 q - a potion of curing {unknown}


   Skills:
 + Level 3.5 Fighting
 * Level 3.2 Polearms
 + Level 3.3 Armour
 + Level 1.4 Dodging
 + Level 3.3 Shields


You had 4 spell levels left.
You didn't know any spells.
Your spell library contained the following spells:

 Spells                   Type           Power      Damage    Failure   Level
 Beastly Appendage        Tmut           0%         N/A       100%        1
 Wereblood                Tmut           0%         N/A       100%        2
 Spider Form              Tmut/Pois      0%         N/A       100%        3


Dungeon Overview and Level Annotations

Branches:
Dungeon (4/15)
 Temple: D:4-7

Altars:
Vehumet

Shops:
D:1 [


Innate Abilities, Weirdness & Mutations

You have large cloven feet.


Message History

The adder barely misses you. The adder bites you.
You closely miss the adder. Your kick misses the adder.
The adder is heavily wounded.
The adder bites you but does no damage. The adder barely misses you.
You miss the adder.
The adder is heavily wounded.
The adder bites you. The adder barely misses you.
You closely miss the adder.
The adder is heavily wounded.
The adder bites you but does no damage. The adder bites you.
You closely miss the adder.
The adder is heavily wounded.
The adder bites you but does no damage.
You miss the adder.
The adder is heavily wounded.
The adder bites you but does no damage. You block the adder's attack.
Unknown command.
You hit the adder but do no damage. Your kick misses the adder.
The adder is heavily wounded.
The adder barely misses you. You block the adder's attack.
You miss the adder. Your kick misses the adder.
The adder is heavily wounded.
The adder closely misses you. You block the adder's attack.
You barely miss the adder.
The adder is heavily wounded.
You block the adder's attack. x2
You miss the adder. Your kick misses the adder.
The adder is heavily wounded.
You block the adder's attack. The adder bites you but does no damage.
You puncture the adder!
You kill the adder!
Your life force feels restored.
You hit the jelly.
Your hands burn!
The jelly is lightly wounded.
The jelly hits you. The acid corrodes you!
You are splashed with acid!
* * * LOW HITPOINT WARNING * * *
The jelly hits you.
* * * LOW HITPOINT WARNING * * *
The acid corrodes you!
You are splashed with acid!
You die...

#..... ...........#
#....# #... #..... #....#
#..# .....# #....####..#
#....# #..........#
#....# . #....###.#.#
#....## ...
###.####)#.###.....##.|..
#># #.)......###....#..
#.###.##..##.@J........
#.#...###.#####).......
####...#####.###
#........
#.......##)....#
#........
#.......##.....#
##!......
#.......##.....# #...#..
##########.....# #### #
#.....# #.....#


You could see a jelly.

Vanquished Creatures
  A hound (D:3)
  Jessica (D:3)
  2 adders
  2 ufetubi
  4 dart slugs
  6 orcs (D:3)
  4 endoplasms
  3 giant cockroaches
  4 jackals (D:1)
  6 kobolds
  4 quokkas
  6 ball pythons
  3 bats
  2 frilled lizards
  8 goblins
  21 rats
77 creatures vanquished.

Notes
Turn   | Place    | Note
-------+----------+-------------------------------------------
     0 | D:1      | Sin92 the Demonspawn Fighter began the quest for the Orb.
     0 | D:1      | Reached XP level 1. HP: 18/18 MP: 1/1
   268 | D:1      | Gained mutation: You have large cloven feet. [demonic
                  | ancestry]
   268 | D:1      | Reached XP level 2. HP: 24/24 MP: 2/2
   316 | D:1      | Found a faded altar of an unknown god.
   341 | D:1      | Found Izodgh's Antique Armour Emporium.
   868 | D:2      | Reached XP level 3. HP: 28/29 MP: 3/3
  1322 | D:2      | Reached skill level 1 in Dodging
  1722 | D:3      | Reached XP level 4. HP: 28/35 MP: 4/4
  2165 | D:3      | Found a radiant altar of Vehumet.
  2321 | D:3      | Noticed Jessica
  2327 | D:3      | Killed Jessica
  2328 | D:3      | Reached XP level 5. HP: 41/41 MP: 5/5
  2679 | D:4      | Splashed by a jelly's acid

Illustrated notes

Levels and vault maps discovered:
D:1:      heliophobic_arrival_dark_side_of_the_moon, layout_loops_ring,
          shapermc_ecumenical_altar_acropolis, serial_shops, shop,
          due_unseen_surprise
D:2:      layout_basic, minmay_rat_hole
D:3:      layout_rooms, mainiacjoe_overflow_alcove_2, st_stairs_4,
          kennysheep_doodads, roderic_serpentine_path, dk_vineyard_1,
          uniq_jessica
D:4:      layout_rooms, cheibrodos_sewer_entry_drain, chequers_mini_garden

Skill      XL: |  1  2  3  4 |
---------------+-------------+-----
Polearms       | 2 3 |  3.2
Armour         | 3 |  3.3
Dodging        | 1 |  1.4
Shields        | 3 |  3.3
Fighting       | |  3.5

Action                   |  1- 3 |  4- 6 || total
-------------------------+-------+-------++-------
Melee: Trident           |   107 |    85 ||   192
       Kick              |    16 |    12 ||    28
  Use: Scroll            |     4 |     2 ||     6
Armor: Scale mail        |    44 |    33 ||    77
Dodge: Dodged            |    29 |    26 ||    55
Block: Kite shield       |    55 |    44 ||    99
